 Dungeon Crawl Stone Soup version 0.28-a0-1506-g3893175d92 (webtiles) character file.

Game seed: 12097160156711675326

1863 cheechan the Sneak (level 9, -17/62 HPs)
             Began as an Octopode Chaos Knight on Jan 13, 2022.
             Was a Plaything of Xom.
             Demolished by a two-headed ogre (28 damage)
             ... on level 5 of the Dungeon.
             The game lasted 00:18:21 (4243 turns).

cheechan the Sneak (Octopode Chaos Knight)          Turns: 4243, Time: 00:18:21

Health: -17/62     AC:  1    Str: 15    XL:     9   Next: 13%
Magic:  9/9        EV: 10    Int: 14    God:    Xom [.*....]
Gold:   174        SH: 13    Dex: 12    Spells: 8/8 levels left

rFire   x . .      SeeInvis .   m - +5 short sword
rCold   + . .      Faith    .   k - +1 tower shield
rNeg    . . .      Spirit   .   (helmet restricted)
rPois   .          Reflect  .   d - amulet of regeneration
rElec   .          Harm     .   l - ring of ice
rCorr   +          Rampage  .   p - ring of resist corrosion
Will    .....                   (no ring)
Stlth   ++++......              (no ring)
HPRegen 1.00/turn               (no ring)
MPRegen 0.11/turn               (no ring)
                                (no ring)
                                (no ring)

@: no status effects
A: almost no armour, amphibious, 8 rings, camouflage 1, gelatinous body 1,
(nimble swimmer 1), tentacles
a: Renounce Religion


You were on level 5 of the Dungeon.
You worshipped Xom.
You were a plaything of Xom.
You visited 1 branch of the dungeon, and saw 5 of its levels.
You also visited: Sewer.

You collected 174 gold pieces.

Inventory:

Hand Weapons
 a - a +1 hand axe of venom
 j - a +0 hand crossbow
 m - a +5 short sword (weapon)
 B - a +2 hand axe of flaming
Missiles
 g - 40 bolts
 i - 54 stones
 n - 53 arrows
 q - 13 poisoned darts (quivered)
 s - a curare-tipped dart
Armour
 k - a +1 tower shield (worn)
Jewellery
 d - an amulet of regeneration (around mantle)
 l - a ring of ice (left tentacle)
 p - a ring of resist corrosion (right tentacle)
Wands
 y - a wand of iceblast (10)
Scrolls
 f - a scroll of fog
 h - a scroll of teleportation
 o - 2 scrolls of amnesia
 A - a scroll of silence
 D - a scroll of magic mapping
Potions
 b - a potion of might
 c - a potion of cancellation
 e - 3 potions of heal wounds
 r - 2 potions of haste
 t - a potion of resistance {unknown}
 u - a potion of brilliance {unknown}
 v - 2 potions of curing
 w - 2 potions of magic
 x - a potion of lignification {unknown}
 z - 2 potions of flight {unknown}


   Skills:
 + Level 5.9 Fighting
 + Level 5.8 Short Blades
 + Level 4.2 Axes
 + Level 1.6 Throwing
 + Level 4.7 Dodging
 + Level 6.9 Stealth
 + Level 3.5 Shields


You had 8 spell levels left.
You didn't know any spells.
Your spell library contained the following spells:

 Spells                   Type           Power      Damage    Failure   Level
 Sublimation of Blood     Necr           0%         N/A       99%         2
 Wereblood                Tmut           0%         N/A       99%         2
 Portal Projectile        Hex/Tloc       0%         N/A       100%        3
 Summon Lightning Spire   Summ/Air       0%         N/A       100%        4
 Blade Hands              Tmut           0%         N/A       100%        5
 Excruciating Wounds      Necr           0%         N/A       100%        5
 Monstrous Menagerie      Summ           0%         N/A       100%        7
 Summon Hydra             Summ           0%         N/A       100%        7
 Dragon's Call            Summ           0%         N/A       100%        9


Dungeon Overview and Level Annotations

Branches:
Dungeon (5/15)              Sewer (visited)
 Temple: D:4-7

Altars:
Xom


Innate Abilities, Weirdness & Mutations

You cannot wear most types of armour.
You are amphibious.
You can wear up to eight rings at the same time.
Your skin changes colour to match your surroundings (Stealth+).
Your rubbery body absorbs attacks. (AC +1, EV +1)
((You are camouflaged when in or above water. (Stealth+)))
You have tentacles for arms and can constrict up to eight enemies at once.


Message History

Found a stone staircase leading up.
Found 19 gold pieces.
n - 53 arrows (gained 28)
You now have 174 gold pieces (gained 19).
You don't know any spells.
Okay, then.
Okay, then.
A two-headed ogre comes into view.
It is wielding a +0 giant spiked club and a +0 giant club.
The two-headed ogre shouts in stereo!
Throw: 14 darts (poison)
Press: ? - help, Q - select action, (/) - cycle Shift-Dir - straight line, f - two-headed ogre
Aim: a two-headed ogre, wielding a +0 giant spiked club and a +0 giant club (74% to hit)
You throw a poisoned dart.
The poisoned dart hits the two-headed ogre.
The two-headed ogre is poisoned.
You hit the two-headed ogre.
The two-headed ogre is lightly wounded.
You block the two-headed ogre's attack.
The two-headed ogre hits you with a +0 giant club!!
You hit the two-headed ogre.
The two-headed ogre is lightly wounded.
You block the two-headed ogre's attack.
The two-headed ogre hits you with a +0 giant club!
You hit the two-headed ogre.
Your tentacle-slap misses the two-headed ogre.
The two-headed ogre is moderately wounded.
The two-headed ogre looks more healthy.
The two-headed ogre hits you with a +0 giant spiked club!!
* * * LOW HITPOINT WARNING * * *
You block the two-headed ogre's attack.
Okay, then.
Okay, then.
You hit the two-headed ogre.
The two-headed ogre is moderately wounded.
You block the two-headed ogre's attack. x2
You hit the two-headed ogre.
The two-headed ogre is moderately wounded.
The two-headed ogre hits you with a +0 giant spiked club!!
You die...
Xom chortles!

#...........#
#.......<...##
##...........##
##...........###
####..........## ###
##............
#.#####.............
##....#.....##.......
#...@......##.##.....
#...O.....##.. ###...
#........###.. ###.
#.......## ... ##
##......## #... #
#.......# ....
#......## #....
#.....## ##.(.##


You could see a two-headed ogre.

Vanquished Creatures
  A two-headed ogre (D:5)
  A black bear (D:4)
  3 ogres
  4 kobold brigands (Sewer)
  2 scorpions (D:4)
  A hound (D:4)
  2 iguanas
  An orc wizard (D:5)
  A hound zombie (D:5)
  A hound skeleton (D:4)
  A mummy (D:4)
  5 adders
  6 gnolls (D:4)
  A howler monkey skeleton (D:4)
  A white imp (D:5)
  An ufetubus (D:4)
  A worm (D:2)
  4 dart slugs
  5 orcs
  11 ball pythons
  8 endoplasms
  10 giant cockroaches
  10 goblins
  8 hobgoblins
  3 jackals
  6 quokkas
  4 bats
  4 frilled lizards
  2 hobgoblin zombies (D:4)
  14 kobolds
  A kobold zombie (D:4)
  An orc zombie (D:4)
  8 rats
132 creatures vanquished.

Vanquished Creatures (collateral kills)
  A water moccasin (D:4)
  A water moccasin skeleton (D:4)
  An adder skeleton (D:4)
  2 dart slugs (D:4)
  A quokka (D:4)
  A ball python (D:4)
  A kobold (D:4)
8 creatures vanquished.

Vanquished Creatures (others)
  A hound (D:4)
  2 plants (Sewer)
3 creatures vanquished.

Grand Total: 143 creatures vanquished

Notes
Turn   | Place    | Note
-------+----------+-------------------------------------------
     0 | D:1      | cheechan the Octopode Chaos Knight began the quest for the
                  | Orb.
     0 | D:1      | Reached XP level 1. HP: 16/16 MP: 1/1
   140 | D:1      | Reached XP level 2. HP: 21/21 MP: 2/2
   475 | D:1      | Reached XP level 3. HP: 12/26 MP: 3/3
   505 | D:1      | Reached skill level 1 in Stealth
   764 | D:1      | XOM: silly message
   844 | D:1      | XOM: silly message
  1043 | D:2      | XOM: silly message
  1139 | D:2      | Reached XP level 4. HP: 17/32 MP: 4/4
  1429 | D:2      | Found a faded altar of an unknown god.
  1652 | D:3      | XOM: divination: magic mapping
  1766 | D:3      | Reached skill level 2 in Stealth
  2000 | D:3      | Found a glowing drain.
  2015 | Sewer    | Entered a sewer
  2136 | Sewer    | Noticed a kobold brigand
  2147 | Sewer    | Killed a kobold brigand
  2148 | Sewer    | Reached skill level 1 in Short Blades
  2148 | Sewer    | Reached skill level 3 in Stealth
  2148 | Sewer    | Reached XP level 5. HP: 31/37 MP: 5/5
  2214 | Sewer    | Noticed a kobold brigand
  2214 | Sewer    | Noticed a kobold brigand
  2222 | Sewer    | Killed a kobold brigand
  2223 | Sewer    | Reached skill level 4 in Stealth
  2223 | Sewer    | Reached XP level 6. HP: 31/43 MP: 6/6
  2548 | D:3      | XOM: silly message
  2717 | D:3      | XOM: silly message
  2851 | D:4      | Noticed a water moccasin
  2854 | D:4      | XOM: summons 6 friendly demons
  2859 | D:4      | Killed a water moccasin
  2860 | D:4      | Reached skill level 5 in Stealth
  2860 | D:4      | Reached XP level 7. HP: 28/48 MP: 7/7
  2875 | D:4      | Found a shimmering altar of Xom.
  2908 | D:4      | Got Asmodeus's Tome of the Escort
  2982 | D:4      | Reached skill level 6 in Stealth
  3054 | D:4      | Reached skill level 1 in Shields
  3057 | D:4      | Reached XP level 8. HP: 45/54 MP: 8/8
  3306 | D:4      | Reached skill level 5 in Fighting
  3387 | D:4      | XOM: cast spell 'Olgreb's Toxic Radiance'
  3668 | D:5      | Entered Level 5 of the Dungeon
  3668 | D:5      | Noticed a two-headed ogre
  3672 | D:5      | Killed a two-headed ogre
  3673 | D:5      | Reached skill level 5 in Short Blades
  3673 | D:5      | Reached skill level 1 in Throwing
  3673 | D:5      | Reached XP level 9. HP: 22/62 MP: 9/9
  3904 | D:5      | XOM: silly message
  4229 | D:5      | Noticed a two-headed ogre
  4235 | D:5      | HP: 2/62 [two-headed ogre (30)]
  4243 | D:5      | Demolished by a two-headed ogre

Illustrated notes

Levels and vault maps discovered:
D:1:      sevenhm_arrival_forest_fort_small_6, layout_loops_cross, minmay_tall_x
D:2:      layout_rooms, ebering_ecumenical_altar_abandoned
D:3:      layout_loops_corners, gup_sewer_entry_pipe,
          kennysheep_cross_bottleneck
D:4:      layout_basic, xom_confusion_cloud, minmay_mini_ossuary
D:5:      layout_cave_pods, nicolae_uskayaw_murder_on_the_dancefloor,
          chequers_decorated_corner, nicolae_figureground_pulse

Skill      XL: |  1  2  3  4  5  6  7  8 |
---------------+-------------------------+-----
Stealth        | 1 3 4 5 6 |  6.9
Axes           | 4 |  4.2
Short Blades   | 1 2 3 4 5 |  5.8
Fighting       | 4 5 |  5.9
Dodging        | 3 4 |  4.7
Shields        | 1 3 |  3.5
Throwing       | 1 |  1.6

Action                   |  1- 3 |  4- 6 |  7- 9 || total
-------------------------+-------+-------+-------++-------
Melee: Hand axe          |    65 |     8 |       ||    73
       Constrict         |    16 |    26 |    23 ||    65
       Tentacles         |     9 |    26 |    25 ||    60
       Short sword       |       |    91 |    98 ||   189
       Punch             |       |     1 |     3 ||     4
Throw: Stone             |       |     2 |       ||     2
       Dart              |       |       |    20 ||    20
  Use: Scroll            |     7 |     6 |     9 ||    22
 Stab: Sleeping          |     4 |    10 |     1 ||    15
       Distracted        |       |     1 |       ||     1
Armor: Skin              |     6 |     6 |     8 ||    20
Dodge: Dodged            |    38 |    67 |    31 ||   136
Block: Tower shield      |       |    11 |    62 ||    73

Table legend: (Time is in decaauts)
 A = Elapsed time spent in this place.
 B = Non-inter-level travel time spent in this place.
 C = Inter-level travel time spent in this place.
 D = Time resting spent in this place.
 E = Time spent auto-exploring this place.
 F = Levels seen in this place.
 G = Mean time per level.
                   A        B        C        D        E       F      G
               +--------+--------+--------+--------+--------+-----+--------+
         Total |   4300 |   4300 |      0 |    221 |      0 |   6 |  716.7 |
       Dungeon |   3978 |   3978 |      0 |    221 |      0 |   5 |  795.6 |
         Sewer |    322 |    322 |      0 |      0 |      0 |   1 |  322.0 |
               +--------+--------+--------+--------+--------+-----+--------+

Top non-repeatable levels by time:
     D:1: 1003 daAuts
     D:3: 941 daAuts
     D:4: 875 daAuts
     D:5: 585 daAuts
     D:2: 571 daAuts
   Sewer: 322 daAuts
